 Dungeon Crawl Stone Soup version 0.19.3-4-gbf9329e (webtiles) character file.

24062 JeffiDaFish the Blocker (level 13, -9/82 HPs)
             Began as a Gargoyle Fighter on Jan 29, 2017.
             Was a Priest of Makhleb.
             Killed from afar by an ice dragon (38 damage)
             ... with a blast of cold
             ... in an ice cave.
             The game lasted 00:27:03 (10203 turns).

JeffiDaFish the Blocker (Gargoyle Fighter)         Turns: 10203, Time: 00:27:04

Health: -9/82      AC: 27    Str: 21    XL:     13   Next: 10%
Magic:  17/17      EV:  6    Int: 10    God:    Makhleb [***...]
Gold:   625        SH: 22    Dex: 15    Spells: 1 memorised, 12 levels left

rFire  . . .     SeeInvis .     o - +4 war axe of Wuodd {chop, MR++ Dex+3}
rCold  . . .     Gourm    .     b - +0 plate armour
rNeg   + . .     Faith    .     c - +4 shield
rPois  ∞         Spirit   .     (helmet restricted)
rElec  +         Reflect  +     w - +2 cloak {rPois}
rCorr  .         Harm     .     (no gloves)
MR     +++..     Rnd*Tele +     (no boots)
Stlth  ..........               t - +5 amulet of reflection
                                (no ring)
                                p - ring of stealth

@: no status effects
A: horns 1, magic resistance 1, negative energy resistance 1, electricity
resistance, teleportitis 1, unbreathing, petrification resistance, rot immunity,
AC +9
a: Minor Destruction, Lesser Servant of Makhleb, Renounce Religion


You were in an ice cave.
You worshipped Makhleb.
Makhleb was most pleased with you.
You were hungry.

You visited 3 branches of the dungeon, and saw 13 of its levels.
You also visited: Bailey and Ice Cave.

You collected 625 gold pieces.

Inventory:

Hand Weapons
 a - a +1 flail
 o - the +4 war axe of Wuodd (weapon) {chop, MR++ Dex+3}
   (You found it on level 5 of the Dungeon)

   It inflicts extra damage upon your enemies.
   It affects your dexterity (+3).
   It affects your resistance to hostile enchantments.
Armour
 b - a +0 plate armour (worn)
 c - a +4 shield (worn)
 e - a +0 helmet
 w - a +2 cloak of poison resistance (worn)
Jewellery
 p - a ring of stealth (left hand)
 t - a +5 amulet of reflection (around neck)
Scrolls
 d - 4 scrolls of identify
 j - a scroll of blinking
 k - 7 scrolls of remove curse
 n - 3 scrolls of enchant weapon
 r - a scroll of fog
 x - a scroll of summoning
 y - 2 scrolls of teleportation
 B - 2 scrolls of fear
Potions
 l - 2 potions of flight
 u - 4 potions of curing
 v - 2 potions of resistance
 z - a potion of berserk rage
 A - 2 potions of haste
 D - a potion of heal wounds
Books
 q - a book of Burglary

   Spells                             Type                      Level
   a - Swiftness                      Charms/Air                   2
   b - Passwall                       Transmutation/Earth          2
   c - Passage of Golubria            Translocation                4
   d - Lee's Rapid Deconstruction     Earth                        5
   e - Darkness                       Hexes                        6
   f - Invisibility                   Hexes                        6
Comestibles
 f - 11 bread rations
 g - 5 beef jerkies
 h - 3 meat rations
 i - 16 fruits
 m - a royal jelly
 s - 24 chunks of flesh
 E - a slice of pizza


   Skills:
 * Level 10.0 Fighting
 * Level 10.1(11.2) Axes
 - Level 8.9(11.2) Maces & Flails
 * Level 10.8 Armour
 - Level 0.8 Dodging
 - Level 0.2 Stealth
 * Level 11.2 Shields
 + Level 3.2 Spellcasting
 + Level 3.2 Hexes


You had 12 spell levels left.
You knew the following spells:

 Your Spells              Type           Power        Failure   Level  Hunger
a - Invisibility          Hex            #.......     100%        6    #######


Dungeon Overview and Level Annotations

Branches:
Dungeon (10/15)            Temple (1/1) D:6            Lair (2/6) D:10
  Swamp: Lair:2-4    Shoals: Lair:2-4     Snake: Lair:2-4    Spider: Lair:2-4
    Orc: D:9-12

Altars:
Ashenzari
Cheibriados
Dithmenos
Elyvilon
Fedhas
Gozag
Hepliaklqana
Kikubaaqudgha
Makhleb
Nemelex Xobeh
Okawaru
Qazlal
Ru
Sif Muna
Trog
Uskayaw
Vehumet
Xom
Yredelemnul
Zin
The Shining One

Shops:
D:9 ?

Annotations:
IceCv exclusion: ice statue


Innate Abilities, Weirdness & Mutations

You are resistant to torment.
Your stone body is resilient. (AC +9)
You are immune to poison.
You resist negative energy. (rN+)
You are resistant to electric shocks. (rElec)
You can survive without breathing.
You are immune to petrification.
You are immune to rotting.
You have a pair of small horns on your head.
You are resistant to hostile enchantments. (MR+)
You are occasionally teleported next to monsters.


Message History

The ice statue gestures at you. The shard of ice hits you!
You are suddenly yanked towards some nearby monsters!
Your surroundings suddenly seem different.
An ice dragon comes into view.
The ice dragon roars deafeningly!
An ice dragon comes into view.
The ice dragon roars deafeningly!
Found seven items.
You see here 16 gold pieces.
You block the ice dragon's attack.
The ice dragon claws you but does no damage.
You block the ice dragon's attack. The ice dragon breathes frost at you.
The blast of cold hits you!
You see here 6 gold pieces.
You closely miss the ice dragon. The ice dragon breathes frost at you.
The blast of cold hits you!
You die...

#########
.##$$$$$$$###
=$="..$@$$$$#
$.=....D$$$##
==..D...$$##
##......###
###.....
####.. ###


You could see 2 ice dragons.

Vanquished Creatures
  The ghost of Hood the Nimble, a journeyman OpBe of Trog (IceCv)
  A hydra (Lair:1)
  3 hill giants (D:10)
  Pikel (D:5)
  2 orc knights (Bailey)
  6 spiny frogs
  A centaur skeleton (D:10)
  An ice statue (IceCv)
  3 komodo dragons
  A rime drake (IceCv)
  2 trolls
  2 hippogriffs
  Sigmund (D:6)
  A spriggan (D:7)
  11 yaks
  2 wyverns
  4 fire bats (D:8)
  A steam dragon (D:10)
  6 water moccasins (Lair:1)
  4 porcupines
  Duvessa (D:7)
  A hell hound (D:8)
  7 orc warriors
  23 ice beasts
  3 ogres
  3 phantoms
  3 sky beasts
  The ghost of blobert the Shield-Bearer, an amateur MfFi (D:3)
  7 wolves
  4 centaurs
  9 crocodiles
  7 bullfrogs
  Dowan (D:7)
  3 scorpions
  4 wights (D:9)
  3 killer bees (D:7)
  3 howler monkeys
  An electric eel (D:10)
  3 crimson imps (D:8)
  2 lava snakes (D:8)
  2 jellies (D:7)
  An orc priest (D:6)
  4 hounds
  2 bullfrog skeletons (D:7)
  3 iguanas
  2 hell rats (D:10)
  9 orc wizards
  3 worker ants
  A killer bee zombie (D:7)
  A hound zombie (D:9)
  A hound skeleton (D:10)
  Robin (D:2)
  10 gnolls
  13 adders
  A howler monkey skeleton (D:8)
  2 river rats
  4 shadow imps (D:7)
  An ooze (D:7)
  2 adder skeletons
  An adder zombie (D:8)
  3 worms (D:2)
  6 dart slugs
  7 leopard geckos
  57 orcs
  4 bats
  3 giant cockroaches
  16 goblins
  13 hobgoblins
  8 jackals
  7 quokkas
  2 frilled lizards (D:1)
  4 kobolds
  2 leopard gecko skeletons
  A leopard gecko zombie (D:5)
  7 rats
  3 fire vortices (D:8)
  A plant (Lair:1)
351 creatures vanquished.

Notes
Turn   | Place    | Note
-------+----------+-------------------------------------------
     0 | D:1      | JeffiDaFish the Gargoyle Fighter began the quest for the Orb.
     0 | D:1      | Reached XP level 1. HP: 14/14 MP: 1/1
    72 | D:1      | Reached XP level 2. HP: 19/19 MP: 2/2
   341 | D:1      | Reached XP level 3. HP: 23/23 MP: 3/3
   477 | D:2      | Reached skill level 4 in Shields
   485 | D:2      | HP: 1/23 [gnoll (2)]
   491 | D:2      | Reached XP level 4. HP: 2/28 MP: 4/4
   831 | D:2      | Noticed Robin
   909 | D:2      | Killed Robin
   962 | D:2      | Reached XP level 5. HP: 11/32 MP: 5/5
  1180 | D:2      | Found a hide-covered altar of Uskayaw.
  1971 | D:3      | Noticed blobert's ghost (amateur MfFi)
  1985 | D:3      | Killed blobert's ghost
  1985 | D:3      | Reached skill level 5 in Shields
  1985 | D:3      | Reached XP level 6. HP: 34/38 MP: 6/6
  2540 | D:3      | Found a basalt altar of Yredelemnul.
  2934 | D:4      | Reached skill level 5 in Maces & Flails
  2934 | D:4      | Reached XP level 7. HP: 42/42 MP: 7/7
  3446 | D:4      | Found a bloodstained altar of Trog.
  3562 | D:5      | Entered Level 5 of the Dungeon
  3595 | D:5      | Identified the +4 war axe of Wuodd {chop, MR++ Dex+3} (You found it on level 5 of the Dungeon)
  3628 | D:5      | Reached skill level 5 in Armour
  3643 | D:5      | Gained mutation: You are resistant to hostile enchantments. (MR+) [potion of mutation]
  3643 | D:5      | Gained mutation: You have a pair of small horns on your head. [potion of mutation]
  3643 | D:5      | Gained mutation: You are occasionally teleported next to monsters. [potion of mutation]
  3812 | D:5      | Reached skill level 1 in Axes
  3812 | D:5      | Reached XP level 8. HP: 46/48 MP: 8/8
  3867 | D:5      | Noticed Pikel
  3882 | D:5      | Killed Pikel
  3882 | D:5      | Reached skill level 6 in Shields
  4289 | D:6      | Noticed a wyvern
  4297 | D:6      | Killed a wyvern
  4435 | D:6      | Reached XP level 9. HP: 39/52 MP: 9/9
  4869 | D:6      | Reached skill level 7 in Shields
  4902 | D:6      | Found an ancient bone altar of Kikubaaqudgha.
  4997 | D:6      | Noticed Sigmund
  5003 | D:6      | Killed Sigmund
  5119 | D:6      | Found a staircase to the Ecumenical Temple.
  5124 | Temple   | Entered the Ecumenical Temple
  5443 | D:7      | Reached skill level 5 in Axes
  5689 | D:7      | Found a flagged portal.
  5705 | Bailey   | Entered a bailey
  6082 | Bailey   | Noticed an orc knight
  6087 | Bailey   | Noticed an orc knight
  6093 | Bailey   | Killed an orc knight
  6093 | Bailey   | Reached skill level 8 in Shields
  6093 | Bailey   | Reached XP level 10. HP: 58/58 MP: 10/10
  6100 | Bailey   | Killed an orc knight
  6166 | Bailey   | Identified a scroll of acquirement
  6171 | Bailey   | Reached skill level 9 in Shields
  6171 | Bailey   | Reached XP level 11. HP: 67/67 MP: 11/11
  6227 | D:7      | Noticed Duvessa
  6234 | D:7      | Noticed Dowan
  6236 | D:7      | Killed Duvessa
  6241 | D:7      | Killed Dowan
  6645 | D:7      | Found an opulent altar of Gozag.
  7389 | D:8      | Learned a level 6 spell: Invisibility
  7556 | D:8      | Found a burning altar of Makhleb.
  7565 | D:8      | Became a worshipper of Makhleb the Destroyer
  7608 | D:9      | Found Kumuysch's Magic Scroll Shop.
  8327 | D:10     | Entered Level 10 of the Dungeon
  8394 | D:10     | Reached skill level 1 in Hexes
  8533 | D:10     | Found a staircase to the Lair.
  8552 | D:10     | Reached * piety under Makhleb
  8606 | D:10     | Noticed a hill giant
  8620 | D:10     | Killed a hill giant
  8620 | D:10     | Reached skill level 10 in Shields
  8620 | D:10     | Reached skill level 1 in Spellcasting
  8620 | D:10     | Reached XP level 12. HP: 42/75 MP: 13/13
  9175 | Lair:1   | Entered Level 1 of the Lair of Beasts
  9228 | Lair:1   | Reached ** piety under Makhleb
  9383 | Lair:1   | Reached skill level 10 in Armour
  9427 | Lair:1   | Noticed an eight-headed hydra
  9436 | Lair:1   | Killed an eight-headed hydra
  9581 | Lair:1   | Found a radiant altar of Vehumet.
  9689 | Lair:1   | Reached *** piety under Makhleb
 10052 | Lair:2   | Reached skill level 11 in Shields
 10058 | Lair:2   | Found a frozen archway.
 10073 | Lair:2   | Reached skill level 10 in Axes
 10090 | IceCv    | Entered an ice cave
 10121 | IceCv    | Reached XP level 13. HP: 69/82 MP: 17/17
 10131 | IceCv    | Reached skill level 10 in Fighting
 10141 | IceCv    | Noticed Hood's ghost (journeyman OpBe)
 10183 | IceCv    | Killed Hood's ghost
 10201 | IceCv    | Noticed an ice dragon
 10201 | IceCv    | Noticed an ice dragon
 10203 | IceCv    | Killed from afar by an ice dragon

Skill      XL: |  1  2  3  4  5  6  7  8  9 10 11 12 13 |
---------------+----------------------------------------+-----
Shields        | 4 5 6 8 9 10 11 | 11.2
Maces & Flails | 3 4 5 6 7 8 |  8.9
Armour         | 4 5 6 7 8 9 10 | 10.8
Fighting       | 4 7 8 9 10 | 10.0
Axes           | 1 3 6 8 9 10 | 10.1
Hexes          | 1 3 |  3.2
Spellcasting   | 1 3 |  3.2
Dodging        | |  0.8
Stealth        | |  0.2

Action                   |  1- 3 |  4- 6 |  7- 9 | 10-12 | 13-15 || total
-------------------------+-------+-------+-------+-------+-------++-------
Melee: Flail             |    71 |   342 |    95 |    15 |       ||   523
       War axe           |       |       |   242 |   492 |    65 ||   799
       Headbutt          |       |       |    50 |   123 |    20 ||   193
  Use: Scroll            |     3 |     6 |     4 |    13 |       ||    26
       Potion            |     1 |     4 |     8 |     7 |       ||    20
 Stab: Invisible         |       |       |     4 |     2 |       ||     6
  Eat: Chunk             |       |     6 |    11 |    12 |       ||    29
       Fruit             |       |     1 |     1 |       |       ||     2
       Pizza             |       |       |       |     1 |       ||     1
Armor: Scale mail        |    22 |       |       |       |       ||    22
       Plate armour      |    17 |   300 |   253 |   165 |    21 ||   756
       Chain mail        |     1 |       |       |       |       ||     1
Dodge: Dodged            |    17 |    62 |    71 |    63 |     3 ||   216
Block: Shield            |    50 |   193 |   245 |   465 |    63 ||  1016
       Reflection        |       |       |     2 |     3 |     2 ||     7
